 Dungeon Crawl Stone Soup version 0.26-a0-651-gb41185065b (webtiles) character file.

Game seed: 10533200457292219070

33 Lanoc the Charlatan (level 3, -1/18 HPs)
             Began as a Vine Stalker Artificer on Oct 27, 2020.
             Succumbed to an adder's poison
             ... on level 3 of the Dungeon.
             The game lasted 00:00:55 (475 turns).

Lanoc the Charlatan (Vine Stalker Artificer)         Turns: 475, Time: 00:00:55

Health: -1/18      AC:  3    Str: 14    XL:     3   Next: 29%
Magic:  4/4        EV: 11    Int: 11    God:
Gold:   14         SH:  0    Dex: 15    Spells: 2/2 levels left

rFire    . . .     SeeInvis .   a - +0 club
rCold    . . .     Faith    .   (no shield)
rNeg     . . .     Spirit   +   b - +0 leather armour
rPois    .         Reflect  .   (no helmet)
rElec    .         Harm     .   (no cloak)
rCorr    .         Rampage  .   (no gloves)
MR       .....                  (no boots)
Stlth    ++........             h - amulet of regeneration
HPRegen  0.46/turn              (no ring)
MPRegen  0.09/turn              (no ring)

@: lethally poisoned (-1 -> -8)
A: fangs 2, magic shield, antimagic bite, no potion heal 3, rot immunity
a: no special abilities


You were on level 3 of the Dungeon.
You visited 1 branch of the dungeon, and saw 3 of its levels.

You collected 14 gold pieces.

Inventory:

Hand Weapons
 a - a +0 club (weapon)
Armour
 b - a +0 leather armour (worn)
Jewellery
 h - an amulet of regeneration (around neck)
Wands
 c - a wand of flame (1)
 d - a wand of enslavement (15)
 e - a wand of random effects (15)
Scrolls
 g - a scroll of identify {unknown}
 i - a scroll of amnesia {unknown}
Potions
 f - a potion of magic


   Skills:
 + Level 1.3 Fighting
 + Level 1.9 Armour
 + Level 1.2 Dodging
 - Level 1.2 Stealth
 * Level 3.2 Evocations


You had 2 spell levels left.
You didn't know any spells.
Your spell library was empty.

Dungeon Overview and Level Annotations

Branches:
Dungeon (3/15)

Altars:
Nemelex Xobeh
Xom


Innate Abilities, Weirdness & Mutations

You have extremely sharp teeth.
When hurt, damage is shared between your health and your magic reserves.
Your bite disrupts and absorbs the magic of your enemies.
Potions cannot restore your health.
You are immune to rotting.


Message History

The adder is almost dead.
You feel sick. The adder bites you.
* * * LOW HITPOINT WARNING * * *
You are more poisoned.
The adder poisons you!
Evoke which item? (* to show all) (? for menu, Esc to quit)
Aiming: Throw Flame
Press: ? - help, Shift-Dir - straight line, f/p - adder
Aim: an adder (almost dead)
The puff of flame hits the adder!
You kill the adder!
* * * LOW HITPOINT WARNING * * *
You feel sick.
It was a potion of magic.
Magic courses through your body.
* * * LOW HITPOINT WARNING * * *
You feel sick.
* * * LOW HITPOINT WARNING * * *
You feel sick.
You see here a ball python corpse.
You die...

....#..## ...<...#
...... ..###### .#.♣.♣
).# ###...... ..#
#......# ..#
..#####.....### ###
...............
...............
#########@...###
########.......†.....<..
.........###############
##########


There were no monsters in sight!

Vanquished Creatures
  3 adders (D:3)
  A dart slug (D:3)
  A hobgoblin (D:2)
  A ball python (D:3)
6 creatures vanquished.

Notes
Turn   | Place    | Note
-------+----------+-------------------------------------------
     0 | D:1      | Lanoc the Vine Stalker Artificer began the quest for the
                  | Orb.
     0 | D:1      | Reached XP level 1. HP: 9/9 MP: 2/2
    14 | D:2      | Found a sparkling altar of Nemelex Xobeh.
   353 | D:3      | Reached skill level 1 in Fighting
   353 | D:3      | Reached skill level 1 in Dodging
   353 | D:3      | Reached skill level 3 in Evocations
   353 | D:3      | Reached XP level 2. HP: 14/14 MP: 3/3
   367 | D:3      | Found a shimmering altar of Xom.
   370 | D:3      | Found a shimmering altar of Xom.
   434 | D:3      | Reached XP level 3. HP: 18/18 MP: 4/4
   475 | D:3      | Succumbed to an adder's poison

Illustrated notes

Levels and vault maps discovered:
D:1:      elethiomel_arrival_shortcut, layout_loops_ring
D:2:      layout_rooms, old_standard_altar,
          chequers_ecumenical_altar_simple_redux, minmay_misc_feat_doors,
          nicolae_ru_awakened_eye, uniq_crazy_yiuf_cottage, uniq_sigmund
D:3:      layout_rooms, okawaru_trees_1, xom_redecorated

Skill      XL: |  1 |
---------------+----+-----
Fighting       | 1 |  1.3
Dodging        | 1 |  1.2
Evocations     | 3 |  3.2
Armour         | |  1.9
Stealth        | |  1.2

Action                   || total
-------------------------++-------
Melee: Club              ||    16
       Bite              ||     5
Evoke: Wand              ||    14
  Use: Potion            ||     1
 Stab: Sleeping          ||     1
Armor: Leather armour    ||     4
Dodge: Dodged            ||    13

Table legend: (Time is in decaauts)
 A = Elapsed time spent in this place.
 B = Non-inter-level travel time spent in this place.
 C = Inter-level travel time spent in this place.
 D = Time resting spent in this place.
 E = Time spent auto-exploring this place.
 F = Levels seen in this place.
 G = Mean time per level.
                   A        B        C        D        E       F      G
               +--------+--------+--------+--------+--------+-----+--------+
         Total |    479 |    471 |      8 |      0 |    400 |   3 |  159.7 |
       Dungeon |    479 |    471 |      8 |      0 |    400 |   3 |  159.7 |
               +--------+--------+--------+--------+--------+-----+--------+

Top non-repeatable levels by time:
     D:2: 345 daAuts
     D:3: 126 daAuts
     D:1: 7 daAuts
